 Dungeon Crawl Stone Soup version 0.16.1-51-g6203257 (webtiles) character file.

1997 mossdog the Ruffian (level 9, -4/88 HPs)
             Began as a Troll Monk on Aug 2, 2015.
             Was a Priest of Okawaru.
             Slain by an orc warrior
             ... wielding a cursed +0 glaive
              (23 damage)
             ... on level 5 of the Dungeon.
             The game lasted 00:35:54 (5611 turns).

mossdog the Ruffian (Troll Monk)                    Turns: 5611, Time: 00:35:55

Health: -4/88      AC:  5    Str: 21    XL:     9   Next: 2%
Magic:  4/4        EV: 13    Int:  6    God:    Okawaru [***...]
Gold:   271        SH:  0    Dex: 15    Spells: 0 memorised, 8 levels left

rFire  . . .     SeeInvis .       - Unarmed
rCold  . . .     Clarity  .     r - +0 animal skin (curse)
rNeg   . . .     SustAb   .     (shield restricted)
rPois  .         Gourm    +     (helmet restricted)
rElec  .         Spirit   .     (no cloak)
rCorr  .         Warding  .     (gloves unavailable)
rMut   .         Stasis   .     (boots unavailable)
MR     .....                    (no amulet)
Stlth  ++........               (no ring)
                                l - ring of flight

@: not resistant to hostile enchantments, unstealthy
A: unfitting armour, claws 3, fast metabolism 3, gourmand, regeneration 2,
shaggy fur 1, tough skin 2
a: Heroism, Renounce Religion, Evoke Flight


You were on level 5 of the Dungeon.
You worshipped Okawaru.
Okawaru was most pleased with you.
You were not hungry.

You visited 1 branch of the dungeon, and saw 5 of its levels.

You collected 271 gold pieces.

Inventory:

Hand weapons
 s - a +2 falchion of flaming
 u - a +2 dagger of venom
 w - a +0 blowgun
 y - a +0 giant spiked club
 D - a +2 dagger of electrocution
Missiles
 f - 52 poisoned needles
 m - 12 poisoned bolts
 C - 5 tomahawks (quivered)
Armour
 a - a +0 robe
 r - a cursed +0 animal skin (worn)
Jewellery
 l - a ring of flight (left claw)
Magical devices
 h - a wand of draining (2)
Scrolls
 d - a scroll of magic mapping {unknown}
 e - 6 scrolls of identify
 g - 2 scrolls of amnesia
 i - a scroll of teleportation
 k - a scroll of fear {unknown}
 n - a scroll of immolation {unknown}
 p - 3 scrolls of noise {unknown}
 t - a scroll of enchant weapon {unknown}
 z - 2 scrolls of recharging {unknown}
 A - a scroll of enchant armour {unknown}
 B - a scroll of remove curse {unknown}
Potions
 c - a potion of poison {unknown}
 x - a potion of curing
Books
 j - a book of Unlife

   Spells                             Type                      Level
   a - Recall                         Summoning/Translocation      3
   b - Animate Dead                   Necromancy                   4
   c - Control Undead                 Necromancy                   4
   d - Cigotuvi's Embrace             Necromancy                   5
   e - Death Channel                  Necromancy                   6
   f - Simulacrum                     Ice/Necromancy               6
 o - a book of Power

   Spells                             Type                      Level
   a - Fulminant Prism                Conjuration/Hexes            4
   b - Iskenderun's Mystic Blast      Conjuration                  4
   c - Venom Bolt                     Conjuration/Poison           5
   d - Bolt of Magma                  Conjuration/Fire/Earth       5
   e - Iron Shot                      Conjuration/Earth            6
   f - Orb of Destruction             Conjuration                  7
   g - Spellforged Servitor           Conjuration/Summoning        7
Comestibles
 b - 7 meat rations
 q - a bread ration
 v - 5 chunks of flesh


   Skills:
 + Level 5.2 Fighting
 + Level 2.5 Maces & Flails
 + Level 6.0 Dodging
 + Level 2.4 Stealth
 + Level 7.7 Unarmed Combat


You had 8 spell levels left.
You didn't know any spells.

Dungeon Overview and Level Annotations

Branches:
Dungeon (5/15)
 Temple: D:4-7

Altars:
Cheibriados
Dithmenos
Fedhas
Okawaru
The Shining One

Shops:
D:4 [   D:5 :


Innate Abilities, Weirdness & Mutations

You are too large for most types of armour.
You have claws for hands.
Your metabolism is lightning-fast.
You like to eat raw meat.
You heal very quickly.
You are covered in fur (AC +1).
You have very tough skin (AC +2).


Message History

You closely miss the orc. The orc barely misses you.
The orc warrior barely misses you. The orc warrior misses you.
You claw the orc!
You kill the orc!
Okawaru accepts your kill.
The orc warrior hits you from afar with a glaive!!
The orc hits you but does no damage. The orc closely misses you.
The orc warrior hits you with a glaive!
* * * LOW HITPOINT WARNING * * *
Things that are here:
a club; a leather armour You barely miss the orc warrior.
The orc warrior is severely wounded.
You scratch the orc warrior but do no damage.
The orc warrior is severely wounded.
The orc hits you with a trident.
* * * LOW HITPOINT WARNING * * *
The orc warrior hits you with a glaive!!
You die...

######## .......# ######.#
.#...#.# .......#
.#.....#######################
................@o..>........#
.....#.....######o###..#####.#
.....##.##.### #K# #.)#...#.#
.....##..#...# #.# #..'(..#.#
.....###.###.# #.# ##[#...#.#
..#### #.###.# #.# #.#####.#
..# ####..##.# #.# #(([(...#
### #<.......# #.# #####[...#
###.#..### #.# #......###


You could see an orc warrior, an orc and a kobold.

Vanquished Creatures
  Grinder (D:3)
  Prince Ribbit (D:5)
  An ice beast (D:5)
  2 ogres
  2 centaurs (D:5)
  Sigmund (D:5)
  A big kobold (D:5)
  A crimson imp (D:5)
  A hound (D:4)
  9 orc priests
  A giant frog skeleton (D:5)
  7 orc wizards
  6 worker ants
  Natasha (twice) (D:5)
  Ijyb (D:3)
  The ghost of babuloseo the Skirmisher, a weakling HuFi (D:3)
  A hound skeleton (D:4)
  Robin (D:3)
  6 adders
  A giant mite (D:4)
  A worm (D:2)
  An adder skeleton (D:4)
  4 giant geckos
  An ooze (D:2)
  37 orcs
  A bat skeleton (D:3)
  5 giant cockroaches
  17 goblins
  14 hobgoblins
  6 jackals
  3 quokkas
  A ball python (D:5)
  15 bats
  7 giant newts
  17 kobolds
  11 rats
188 creatures vanquished.

Notes
Turn   | Place    | Note
--------------------------------------------------------------
     0 | D:1      | mossdog, the Troll Monk, began the quest for the Orb.
     0 | D:1      | Reached XP level 1. HP: 22/22 MP: 1/1
   192 | D:1      | Reached XP level 2. HP: 29/29 MP: 1/1
   632 | D:2      | Reached XP level 3. HP: 29/36 MP: 2/2
  1300 | D:2      | Found a blossoming altar of Fedhas.
  1617 | D:3      | Reached XP level 4. HP: 44/44 MP: 2/2
  1644 | D:3      | Noticed babuloseo's ghost (weakling HuFi)
  1654 | D:3      | Killed babuloseo's ghost
  1943 | D:3      | Reached skill level 5 in Unarmed Combat
  1948 | D:3      | Noticed Robin
  1984 | D:3      | Killed Robin
  2047 | D:3      | Noticed Ijyb
  2057 | D:3      | HP: 1/45 [Ijyb/wand of draining (11)]
  2062 | D:3      | Killed Ijyb
  2062 | D:3      | Reached XP level 5. HP: 10/53 MP: 2/2
  2136 | D:3      | Noticed Grinder
  2243 | D:3      | Paralysed by Grinder for 6 turns
  2253 | D:3      | Paralysed by Grinder for 7 turns
  2262 | D:3      | Killed Grinder
  2262 | D:3      | Reached XP level 6. HP: 24/61 MP: 3/3
  2604 | D:4      | Found Huanev's Antique Armour Emporium.
  2955 | D:4      | Found a shadowy altar of Dithmenos.
  3024 | D:4      | Reached skill level 6 in Unarmed Combat
  3106 | D:4      | Reached XP level 7. HP: 61/68 MP: 3/3
  3846 | D:5      | Entered Level 5 of the Dungeon
  3868 | D:5      | Found a glowing golden altar of the Shining One.
  3888 | D:5      | Reached skill level 7 in Unarmed Combat
  3940 | D:5      | Found an iron altar of Okawaru.
  3959 | D:5      | Became a worshipper of Warmaster Okawaru
  3959 | D:5      | Acquired Okawaru's first power
  3968 | D:5      | Reached XP level 8. HP: 75/79 MP: 3/3
  4022 | D:5      | Noticed Natasha
  4034 | D:5      | Killed Natasha
  4201 | D:5      | Found a sand-covered staircase.
  4251 | D:5      | Reached skill level 5 in Dodging
  4347 | D:5      | HP: 3/79 [orc priest/divine providence (10)]
  4348 | D:5      | HP: 1/79 [orc priest/falchion of flaming (3)]
  4530 | D:5      | Noticed Prince Ribbit
  4539 | D:5      | Killed Prince Ribbit
  4539 | D:5      | Reached skill level 1 in Maces & Flails
  4846 | D:5      | Noticed Sigmund
  4847 | D:5      | Found a runed door.
  4868 | D:5      | Killed Sigmund
  4947 | D:5      | Noticed Natasha
  4960 | D:5      | Killed Natasha
  4975 | D:5      | Reached skill level 5 in Fighting
  5097 | D:5      | Found Oxoimum's Book Emporium.
  5268 | D:5      | Found a snail-covered altar of Cheibriados.
  5550 | D:5      | Reached XP level 9. HP: 64/88 MP: 1/4
  5611 | D:5      | Slain by an orc warrior

Action                   |  1- 3 |  4- 6 |  7- 9 || total
-------------------------+-------+-------+-------++-------
Melee: Unarmed           |    99 |   149 |   236 ||   484
       Giant club        |       |       |     5 ||     5
       Giant spiked club |       |       |    45 ||    45
Invok: Heroism           |       |       |     2 ||     2
  Use: Potion            |       |     3 |     2 ||     5
       Scroll            |       |     3 |       ||     3
 Stab: Sleeping          |     2 |       |     1 ||     3
  Eat: Chunk             |     9 |    19 |    12 ||    40
       Pizza             |     2 |       |       ||     2
       Bread ration      |       |       |     1 ||     1
       Beef jerky        |       |       |     1 ||     1
